 Dungeon Sprint DCSS version 0.31.0-9-g3a7656b989 (webtiles) character file.

Game seed: 6254337495373877101

2167 Heoruswealwe the Impaler (level 9, 0/92 HPs)
             Began as a Minotaur Fighter on Jan 25, 2024.
             Was an Initiate of Gozag.
             Slain by an entropy weaver (shapeshifter) (4 damage)
             ... in the Dungeon (Sprint IX: "|||||||||||||||||||||||||||||").
             The game lasted 00:03:41 (394 turns).

Heoruswealwe the Impaler (Minotaur Fighter)          Turns: 394, Time: 00:03:42

Health: 0/92       AC: 17    Str: 24    XL:     9   Next: 10%
Magic:  8/8        EV:  7    Int:  5    God:    Gozag
Gold:   405        SH:  0    Dex: 11    Spells: 8/8 levels left

rFire   . . .        b - +2 halberd (venom)
rCold   . . .        (shield currently unavailable)
rNeg    . . .        c - +0 plate armour
rPois   .            (helmet restricted)
rElec   .            (no cloak)
rCorr   .            (no gloves)
SInv    .            (no boots)
Will    .....        (no amulet) Stlth
                     k - +2 ring of protection
HPRegen 0.35/turn    (no ring)
MPRegen 0.11/turn

%: no teleportation
@: no status effects
A: horns 2, retaliatory headbutt
a: Renounce Religion, Potion Petition, Call Merchant, Bribe Branch


You were in the Dungeon.
You worshipped Gozag.
Gozag was aware of your devotion.
You visited 1 branch You collected 405 gold pieces.

Inventory:

Hand Weapons
 a - a +0 trident
 b - a +2 halberd of venom (weapon)
Armour
 c - a +0 plate armour (worn)
 d - a +0 buckler
Jewellery
 k - a +2 ring of protection (left hand)
Wands
 h - a wand of roots (10)
Scrolls
 j - 2 scrolls of blinking
Potions
 e - 5 potions of curing
 g - a potion of haste
 i - a potion of berserk rage
 l - a potion of might


   Skills:
 + Level 12.9 Fighting
 * Level 17.2 Polearms
 + Level 12.8 Armour
 - Level 3.6 Shields


You had 8 spell levels left.
You didn't know any spells.
Your spell library was empty.

Dungeon Overview and Level Annotations

Branches:
Dungeon (1/1)

Altars:
Cheibriados
Dithmenos
Elyvilon
Fedhas
Gozag
Hepliaklqana
Kikubaaqudgha
Makhleb
Nemelex Xobeh
Okawaru
Qazlal
Ru
Sif Muna
Trog
Uskayaw
Vehumet
Wu Jian
Xom
Yredelemnul
Zin
The Shining One
Jiyva
Lugonu


Innate Abilities, Weirdness & Mutations

You have a pair of horns on your head.
You reflexively headbutt those who attack you in melee.


Message History

* * * LOW HITPOINT WARNING * * *
You are engulfed in flames!
* * * LOW HITPOINT WARNING * * *
You feel much better.
The harpy changes into an entropy weaver!
The red ugly thing is distracted by your dazzling golden aura.
You puncture the red ugly thing!
You kill the red ugly thing!
Your Polearms skill increases to level 17!
You have reached level 9!
Your experience leads to an increase in your attributes!
Increase (S)trength, (I)ntelligence, or (D)exterity?
You feel stronger. x2
The entropy weaver closely misses you. You furiously retaliate!
You headbutt the entropy weaver. The entropy weaver hits you. x3
You impale the entropy weaver!!
The entropy weaver looks as sick as possible!
Your headbutt misses the entropy weaver.
The entropy weaver is moderately wounded.
You barely miss the entropy weaver. You headbutt the entropy weaver.
The entropy weaver is heavily wounded.
The entropy weaver hits you but does no damage. x2
The entropy weaver hits you!
* * * LOW HITPOINT WARNING * * *
The entropy weaver hits you.
* * * LOW HITPOINT WARNING * * *
You closely miss the entropy weaver.
You headbutt the entropy weaver, but do no damage.
The entropy weaver is heavily wounded.
The entropy weaver hits you but does no damage.
The entropy weaver hits you!
* * * LOW HITPOINT WARNING * * *
The entropy weaver barely misses you. The entropy weaver closely misses you.
You closely miss the entropy weaver.
Your headbutt misses the entropy weaver.
The entropy weaver is heavily wounded.
The entropy weaver hits you but does no damage.
The entropy weaver closely misses you. The entropy weaver hits you.
You die...
Your body crumbles into a pile of gold. ▓▓▓▓▓▓▓▓▓▓▓▓▓▓▓▓▓▓▓▓▓▓▓▓ '!?)[[[=..)....$@BW..... ▓▓▓▓▓▓▓▓▓▓▓▓▓▓▓▓▓▓▓▓▓▓▓▓

You could see an entropy weaver shaped shifter (extremely poisoned) and a wraith.

Vanquished Creatures
  A tengu warrior (D)
  2 ugly things (D)
  2 shadows (D)
  A wraith (D)
  A laughing skull (D)
  A centaur (D)
  2 killer bees (D)
  A hound (D)
  A jelly (D)
  An adder (D)
  A white imp (D)
  An ufetubus (D)
  A goblin (D)
  A hobgoblin (D)
  A quokka (D)
  2 bats (D)
20 creatures vanquished.

Notes
Turn   | Place    | Note
-------+----------+-------------------------------------------
     0 | D        | Heoruswealwe the Minotaur Fighter began the quest for the
                  | Orb.
     0 | D        | Reached XP level 1. HP: 19/19 MP: 0/0
     8 | D        | Reached skill level 3 in Polearms
    30 | D        | Noticed a hound
    30 | D        | Noticed a jelly
    35 | D        | Killed a hound
    36 | D        | Reached skill level 5 in Fighting
    36 | D        | Reached skill level 5 in Polearms
    36 | D        | Reached skill level 5 in Armour
    36 | D        | Reached XP level 2. HP: 29/29 MP: 1/1
    36 | D        | Reached XP level 3. HP: 36/36 MP: 2/2
    38 | D        | Reached skill level 6 in Polearms
    42 | D        | Reached skill level 7 in Polearms
    42 | D        | Reached XP level 4. HP: 32/44 MP: 3/3
    59 | D        | Found a snail-covered altar of Cheibriados.
    59 | D        | Found a shadowy altar of Dithmenos.
    59 | D        | Found a white marble altar of Elyvilon.
    59 | D        | Found a blossoming altar of Fedhas.
    59 | D        | Found an opulent altar of Gozag.
    60 | D        | Found a hazy altar of Hepliaklqana.
    61 | D        | Found a viscous altar of Jiyva.
    62 | D        | Found an ancient bone altar of Kikubaaqudgha.
    63 | D        | Found a corrupted altar of Lugonu.
    64 | D        | Found a burning altar of Makhleb.
    65 | D        | Found a sparkling altar of Nemelex Xobeh.
    66 | D        | Found an iron altar of Okawaru.
    67 | D        | Became a worshipper of Gozag Ym Sagoz the Greedy
    68 | D        | Found a stormy altar of Qazlal.
    69 | D        | Found a sacrificial altar of Ru.
    70 | D        | Found a shimmering blue altar of Sif Muna.
    71 | D        | Found a bloodstained altar of Trog.
    72 | D        | Found a hide-covered altar of Uskayaw.
    73 | D        | Found a radiant altar of Vehumet.
    74 | D        | Found an ornate altar of the Wu Jian Council.
    75 | D        | Found a shimmering altar of Xom.
    76 | D        | Found a basalt altar of Yredelemnul.
    77 | D        | Found a glowing silver altar of Zin.
    78 | D        | Found a glowing golden altar of the Shining One.
   129 | D        | Noticed a shadow
   129 | D        | Noticed a wraith
   129 | D        | Noticed a centaur
   129 | D        | Noticed a shadow
   136 | D        | Killed a shadow
   137 | D        | Reached skill level 10 in Polearms
   137 | D        | Reached XP level 5. HP: 45/53 MP: 4/4
   140 | D        | Reached skill level 11 in Polearms
   140 | D        | Reached XP level 6. HP: 49/62 MP: 5/5
   144 | D        | Killed a wraith
   145 | D        | Reached skill level 12 in Polearms
   158 | D        | Killed a shadow
   159 | D        | Reached skill level 10 in Fighting
   159 | D        | Reached skill level 13 in Polearms
   159 | D        | Reached skill level 10 in Armour
   159 | D        | Reached XP level 7. HP: 14/72 MP: 6/6
   351 | D        | Noticed a komodo dragon
   351 | D        | Noticed a tengu warrior
   351 | D        | Noticed a cyan ugly thing
   351 | D        | Noticed a wraith
   351 | D        | Noticed a white ugly thing
   353 | D        | Reached skill level 14 in Polearms
   355 | D        | a komodo dragon changed into a centaur
   370 | D        | HP: 1/73 [white ugly thing (19)]
   373 | D        | Killed a white ugly thing
   374 | D        | Reached skill level 15 in Polearms
   374 | D        | Reached XP level 8. HP: 32/82 MP: 7/7
   377 | D        | a centaur changed into a harpy
   377 | D        | Noticed a harpy (shapeshifter)
   383 | D        | Killed a tengu warrior
   384 | D        | Reached skill level 16 in Polearms
   388 | D        | a harpy changed into an entropy weaver
   388 | D        | Noticed an entropy weaver (shapeshifter)
   389 | D        | Killed a red ugly thing
   390 | D        | Reached skill level 17 in Polearms
   390 | D        | Reached XP level 9. HP: 38/92 MP: 8/8
   393 | D        | HP: 3/92 [entropy weaver (shapeshifter) (12)]
   394 | D        | Slain by an entropy weaver (shapeshifter)

Illustrated notes

Levels and vault maps discovered:
D:        linesprint [early_d, line_temple, items_1, d_10, items_2, lair_1,
          lair_end, items_3, orc_1, orc_end, items_4, d_15, swamp_1, shoals_1,
          snake_1, spider_1, d_20, vaults_1, items_5, swamp_end, shoals_end,
          snake_end, spider_end, vaults_end, d_27, items_6, zot_1, zot_end,
          crypt_end, forest_end, elf_end, slime_end, tomb_end, abyss_end,
          pan_hell_end]

Skill      XL: |  1  2  3  4  5  6  7  8 |
---------------+-------------------------+-----
Polearms       | 5 7 10 11 13 15 17 | 17.2
Fighting       | 5 6 8 10 11 12 | 12.9
Armour         | 5 6 8 10 11 12 | 12.8
Shields        | |  3.6

Action                     |  1- 3 |  4- 6 |  7- 9 || total
---------------------------+-------+-------+-------++-------
  Melee: Trident           |    29 |    11 |       ||    40
         Headbutt          |     1 |     6 |     9 ||    16
         Halberd           |       |    29 |    42 ||    71
    Use: Potion            |       |       |     3 ||     3
   Stab: Distracted        |       |     1 |       ||     1
 Armour: Scale mail        |    23 |    10 |       ||    33
         Plate armour      |       |    21 |    53 ||    74
  Dodge: Dodged            |    11 |    12 |    14 ||    37
  Block: Buckler           |     4 |     4 |       ||     8
